 Dungeon Crawl Stone Soup version 0.23-a0-80-gc95c2c7 (webtiles) character file.

32474 Amnesiac the Zephyrmancer (level 13, 0/92 HPs)
             Began as a Mummy Air Elementalist on Aug 12, 2018.
             Was a High Priest of Sif Muna.
             Slain by Ykaim's ghost (10 damage)
             ... on level 1 of the Orcish Mines.
             The game lasted 00:39:42 (17797 turns).

Amnesiac the Zephyrmancer (Mummy Air Elementalist) Turns: 17797, Time: 00:39:43

Health: 0/92       AC: 14    Str: 13    XL:     13   Next: 31%
Magic:  2/27       EV: 14    Int: 27    God:    Sif Muna [*****.]
Gold:   1038       SH:  5    Dex: 13    Spells: 8/32 levels left

rFire    + . .     SeeInvis .   a - staff of air
rCold    + + .     Gourm    .   v - +0 buckler {AC+3}
rNeg     + + +     Faith    .   l - +3 ring mail "Tojent" {Str+2 Int+2}
rPois    ∞         Spirit   .   u - +0 helmet
rElec    +         Reflect  .   s - scarf {rC+ rF+}
rCorr    .         Harm     .   n - +0 pair of gloves
MR       +....                  m - +0 pair of boots
Stlth    ++........             z - amulet "Hop Waal" {RegenMP Stlth+}
HPRegen  0.25/turn              c - +6 ring of intelligence
MPRegen  0.45/turn              w - ring of protection from fire

@: sluggish, no casting, very slow
A: no food or potions, fire vulnerability, cold resistance 1, negative energy
resistance 3, torment resistance, unbreathing, in touch with death 1
a: Stop Divine Energy, Channel Magic, Forget Spell, Renounce Religion


You were on level 1 of the Orcish Mines.
You worshipped Sif Muna.
Sif Muna was extremely pleased with you.
You were not hungry.

You visited 3 branches of the dungeon, and saw 15 of its levels.
You also visited: Bailey.

You collected 1242 gold pieces.
You spent 204 gold pieces at shops.

Inventory:

Hand Weapons
 b - a +0 scimitar of flaming
 k - a +2 halberd of electrocution
Armour
 l - the +3 ring mail "Tojent" (worn) {Str+2 Int+2}
   (You found it on level 7 of the Dungeon)

   It affects your strength (+2).
   It affects your intelligence (+2).
 m - a +0 pair of boots (worn)
 n - a +0 pair of gloves (worn)
 s - a scarf of resistance (worn)
 u - a +0 helmet (worn)
 v - a +0 buckler of protection (worn)
Magical Staves
 a - an uncursed staff of air (weapon)
 y - an uncursed staff of wizardry
 A - an uncursed staff of earth
Jewellery
 c - a +6 ring of intelligence (left hand)
 f - an uncursed ring of protection from magic
 h - an uncursed amulet of regeneration
 w - a ring of protection from fire (right hand)
 x - an uncursed ring of flight
 z - the amulet "Hop Waal" (around neck) {RegenMP Stlth+}
   (You found it on level 12 of the Dungeon)

   [amulet of magic regeneration]

   It increases your magic regeneration.
   It makes you more stealthy.
Wands
 j - a wand of enslavement (12)
 p - a wand of disintegration (19)
 q - a wand of iceblast (3)
Scrolls
 d - 5 scrolls of remove curse {!r}
 e - 4 scrolls of teleportation {!r}
 g - 2 scrolls of enchant weapon {!r}
 i - 2 scrolls of magic mapping {!r}
 o - 3 scrolls of amnesia {!r}
 t - a scroll of brand weapon {!r}
 B - 5 scrolls of identify {!r}


   Skills:
 + Level 5.5 Fighting
 * Level 7.0 Dodging
 - Level 1.5 Stealth
 - Level 4.0 Shields
 - Level 10.0 Spellcasting
 - Level 10.0 Conjurations
 - Level 10.1 Air Magic
 - Level 8.0 Invocations


You had 8 spell levels left.
You knew the following spells:

 Your Spells              Type           Power        Failure   Level  Hunger
a - Airstrike             Air            #######...   1%          4    N/A
b - Static Discharge      Conj/Air       #######.     1%          3    N/A
c - Shock                 Conj/Air       ####         1%          1    N/A
d - Lightning Bolt        Conj/Air       #######...   4%          5    N/A
e - Mephitic Cloud        Conj/Pois/Air  ######..     1%          3    N/A
f - Freezing Cloud        Conj/Ice/Air   ######....   67%         6    N/A
z - Swiftness             Chrm/Air       ######..     1%          2    N/A

Your spell library contained the following spells:

 Spells                   Type           Power        Failure   Level  Hunger
 Fireball                 Conj/Fire      #####.....   32%         5    N/A
 Conjure Flame            Conj/Fire      #####...     3%          3    N/A
 Ring of Flames           Chrm/Fire      ##........   100%        7    N/A
 Venom Bolt               Conj/Pois      #####.....   32%         5    N/A
 Olgreb's Toxic Radiance  Pois           ##......     67%         4    N/A
 Iskenderun's Mystic Bla  Conj           ######..     1%          4    N/A
 Stone Arrow              Conj/Erth      #####.       3%          3    N/A
 Spider Form              Tmut/Pois      ##........   28%         3    N/A
 Flame Tongue             Conj/Fire      #####        1%          1    N/A
 Alistair's Intoxication  Tmut/Pois      ##......     95%         5    N/A
 Excruciating Wounds      Chrm/Necr      ###.......   95%         5    N/A
 Iskenderun's Battlesphe  Conj/Chrm      #####...     32%         5    N/A
 Force Lance              Conj/Tloc      #####...     12%         4    N/A
 Poisonous Vapours        Pois/Air       ######       1%          2    N/A

Dungeon Overview and Level Annotations

Branches:
Dungeon (13/15)            Temple (1/1) D:7            Lair (0/6) D:9
    Orc (1/2) D:12
 Vaults: D:13-14

Altars:
Ashenzari
Dithmenos
Fedhas
Hepliaklqana
Makhleb
Nemelex Xobeh
Sif Muna
Uskayaw
Vehumet
Xom
Yredelemnul

Shops:
D:8 (   D:11 *   D:12 (

Portals:
Trove: D:12 (give +2 gold dragon scales)

Annotations:
D:4 rF
Orc:1 Ykaim's ghost, journeyman MiFi


Innate Abilities, Weirdness & Mutations

You do not eat or drink.
Your flesh is vulnerable to fire.
You are immune to poison.
Your flesh is cold resistant. (rC+)
You are immune to negative energy. (rN+++)
You are immune to unholy pain and torment.
You can survive without breathing.
You are in touch with the powers of death.


Message History

You briefly lose access to your magic!
Ykaim's ghost hits you!!
* * * LOW HITPOINT WARNING * * *
You are unable to access your magic!
You regain access to your magic.
Ykaim's ghost says, "Are you willing to die fighting?
I was!"
Casting: Airstrike (safe; 1% risk of failure)
Confirm with . or Enter, or press ? or * to list all spells.
You feel a surge of power!
You feel quick. You block Ykaim's ghost's attack.
Casting: Swiftness (safe; 1% risk of failure)
Confirm with . or Enter, or press ? or * to list all spells.
Aiming: Airstrike (safe; 1% risk of failure)
Press: ? - help, Dir - move target cursor, f/p - Ykaim's ghost
Aim: Ykaim's ghost, wielding a weapon of electrocution (heavily damaged)
You feel a surge of power!
The air twists around and violently strikes Ykaim's ghost!
Ykaim's ghost is heavily damaged.
You start to feel a little slower.
Casting: Airstrike (safe; 1% risk of failure)
Confirm with . or Enter, or press ? or * to list all spells.
Aiming: Lightning Bolt (safe; 4% risk of failure)
Press: ? - help, Shift-Dir - straight line, p - Ykaim's ghost You feel a surge of power!
You hear a mighty clap of thunder!
The bolt of lightning hits Ykaim's ghost.
Ykaim's ghost resists.
Ykaim's ghost is heavily damaged.
The bolt of lightning hits Ykaim's ghost.
Ykaim's ghost resists.
Ykaim's ghost is severely damaged.
Sif Muna grants you divine energy.
You briefly lose access to your magic!
Ykaim's ghost whispers, "There is no future for you."
Unknown command.
You regain access to your magic.
Casting: Lightning Bolt (safe; 4% risk of failure)
Confirm with . or Enter, or press ? or * to list all spells.
Aiming: Lightning Bolt (safe; 4% risk of failure)
Press: ? - help, Shift-Dir - straight line You feel a surge of power!
You hear a mighty clap of thunder!
The bolt of lightning hits Ykaim's ghost.
Ykaim's ghost resists.
Ykaim's ghost is severely damaged.
The bolt of lightning hits Ykaim's ghost.
Ykaim's ghost resists.
Ykaim's ghost is almost destroyed.
Sif Muna grants you divine energy.
You briefly lose access to your magic!
You feel sluggish.
Unknown command.
Ykaim's ghost screams in joy, "As in life, so in death: Kill!
Kill!!
Kill!!!"
Ykaim's ghost hits you!!
* * * LOW HITPOINT WARNING * * *
Okay, then.
Evoke which item? (* to show all) (? for menu, Esc to quit)
Aiming: Disintegrate
Press: ? - help, Shift-Dir - straight line, f - Ykaim's ghost
Aim: Ykaim's ghost, wielding a weapon of electrocution (almost destroyed, chance to defeat MR: 7%)
Okay, then.
Unknown command.
Okay, then.
Unknown command.
Ykaim's ghost hits you!
You die...

##...........###.#≈##
#............########
#....................
##..#..........##....
#...............#..^.
##...................#
#.....................
##.#.#......#...#.##..
##...@#.....#......#..
#.....W......#.....#..
#.............#...###.
##............#...# ##
###.........###.##
##.#......)...####
#............##
##.#.......###
##......#####


You could see Ykaim's ghost.

Vanquished Creatures
  An ettin (D:12)
  A deep elf high priest (D:12)
  A vault guard (D:12)
  A yaktaur captain (D:12)
  A hydra (D:13)
  2 centaur warriors (D:12)
  Erica (D:8)
  5 two-headed ogres
  A hell knight (D:12)
  An unseen horror (D:12)
  3 orc knights
  Pikel (D:7)
  3 deep elf magi (D:12)
  A wolf spider zombie (D:12)
  An orc sorcerer (Orc:1)
  3 ugly things
  3 cyclopes
  3 manticores
  4 centaur zombies
  A gargoyle (D:10)
  Joseph (D:9)
  A tengu conjurer (D:12)
  A kobold demonologist (D:12)
  A queen bee (D:9)
  5 trolls
  2 slime creatures (D:12)
  2 hippogriffs
  A wraith (D:13)
  2 wyverns (D:12)
  A basilisk (D:12)
  9 yaks
  A steam dragon (D:11)
  4 hungry ghosts
  An acid dragon (D:12)
  2 porcupines (D:9)
  An ice beast (D:13)
  13 orc warriors
  3 black bears
  An eye of draining (D:9)
  2 sky beasts
  3 phantoms
  3 necrophages
  A hornet zombie (D:13)
  7 ogres
  3 boggarts (D:10)
  2 crocodiles
  7 centaurs
  2 big kobolds
  4 bullfrogs
  A gnoll sergeant (D:12)
  A wyvern zombie (D:12)
  3 wyvern skeletons
  A scorpion (D:12)
  34 killer bees
  A wight (D:12)
  A howler monkey (D:4)
  2 bullfrog zombies
  5 crimson imps
  2 quasits (D:12)
  A jelly (D:8)
  A bullfrog skeleton (D:7)
  2 centaur skeletons
  10 orc priests
  11 hounds
  11 orc wizards
  7 iguanas
  Jessica (D:2)
  11 worker ants
  A worker ant zombie (D:5)
  7 adders
  17 gnolls
  5 shadow imps
  An ooze (D:3)
  2 adder zombies
  2 adder skeletons
  A worm (D:3)
  A dart slug (D:4)
  6 leopard geckos
  44 orcs
  3 bats
  6 giant cockroaches
  7 goblins
  20 hobgoblins
  12 jackals
  22 kobolds
  2 quokkas (D:7)
  A ball python (D:2)
  A ball python skeleton (D:4)
  2 frilled lizards (D:3)
  A giant cockroach zombie (D:5)
  A quokka skeleton (D:4)
  2 rats
  A spectral orc (D:4)
398 creatures vanquished.

Vanquished Creatures (others)
  A vampire (D:11)
  A slave (D:7)
  An orc wizard (D:7)
  An orc (D:7)
  A fungus (D:9)
5 creatures vanquished.

Grand Total: 403 creatures vanquished

Notes
Turn   | Place    | Note
-------+----------+-------------------------------------------
     0 | D:1      | Amnesiac the Mummy Air Elementalist began the quest for the Orb.
     0 | D:1      | Reached XP level 1. HP: 13/13 MP: 4/4
   117 | D:2      | Reached skill level 1 in Conjurations
   201 | D:3      | Reached XP level 2. HP: 17/19 MP: 0/5
   333 | D:3      | Found a faded altar of an unknown god.
   722 | D:4      | Reached XP level 3. HP: 18/24 MP: 0/7
   742 | D:4      | Learned a level 3 spell: Static Discharge
   830 | D:4      | Reached XP level 4. HP: 25/30 MP: 2/8
   855 | D:4      | Learned a level 4 spell: Airstrike
  1018 | D:4      | Found a basalt altar of Yredelemnul.
  1244 | D:4      | Found a shadowy altar of Dithmenos.
  1305 | D:4      | You fall through a shaft for 3 floors!
  1306 | D:7      | Noticed a phantom
  1315 | D:6      | Noticed an ogre
  1315 | D:6      | Noticed a necrophage
  1319 | D:5      | Entered Level 5 of the Dungeon
  1454 | D:5      | Got an iridescent dagger
  1524 | D:5      | Found a shimmering altar of Xom.
  1540 | D:5      | Reached XP level 5. HP: 35/35 MP: 5/9
  1748 | D:5      | Noticed an ogre
  2309 | D:5      | Reached XP level 6. HP: 30/41 MP: 5/11
  2845 | D:6      | Reached XP level 7. HP: 32/46 MP: 6/13
  3327 | D:6      | Reached skill level 5 in Conjurations
  3438 | D:6      | Reached skill level 5 in Spellcasting
  3452 | D:6      | Reached skill level 5 in Air Magic
  3925 | D:7      | Reached XP level 8. HP: 52/52 MP: 7/15
  4045 | D:7      | Noticed Pikel
  4081 | D:7      | Noticed a hippogriff
  4085 | D:7      | Killed a hippogriff
  4189 | D:7      | Found a staircase to the Ecumenical Temple.
  4194 | Temple   | Entered the Ecumenical Temple
  4211 | Temple   | Became a worshipper of Sif Muna the Loreminder
  4409 | D:3      | Found a shattered altar of Ashenzari.
  5549 | D:1      | Learned a level 5 spell: Lightning Bolt
  5552 | D:1      | Learned a level 2 spell: Swiftness
  5771 | D:2      | Noticed Jessica
  5773 | D:2      | Killed Jessica
  6291 | D:7      | Reached * piety under Sif Muna
  6298 | D:7      | Got a slimy ring mail
  6349 | D:7      | Killed Pikel
  6349 | D:7      | Reached XP level 9. HP: 54/57 MP: 0/19
  7021 | D:8      | Reached ** piety under Sif Muna
  7129 | D:8      | Found Imour's Weapon Boutique.
  7279 | D:8      | Found a sparkling altar of Nemelex Xobeh.
  7301 | D:8      | Identified the +3 ring mail "Tojent" {Str+2 Int+2} (You found it on level 7 of the Dungeon)
  7406 | D:8      | Found a hazy altar of Hepliaklqana.
  7407 | D:8      | Found a hide-covered altar of Uskayaw.
  7409 | D:8      | Found a burning altar of Makhleb.
  7409 | D:8      | Found a shattered altar of Ashenzari.
  7521 | D:9      | Noticed Erica
  7529 | D:8      | Killed Erica
  7529 | D:8      | Reached XP level 10. HP: 41/63 MP: 0/21
  7539 | D:9      | Noticed a two-headed ogre
  7644 | D:9      | Reached *** piety under Sif Muna
  7742 | D:9      | Found a blossoming altar of Fedhas.
  7793 | D:9      | Killed a two-headed ogre
  7836 | D:9      | Noticed Joseph
  8198 | D:9      | Reached **** piety under Sif Muna
  8552 | D:9      | Killed Joseph
  8643 | D:9      | Found a staircase to the Lair.
  8813 | D:10     | Entered Level 10 of the Dungeon
  8879 | D:10     | Noticed a gargoyle
  8884 | D:10     | Killed a gargoyle
  9144 | D:10     | Reached XP level 11. HP: 64/68 MP: 0/24
  9447 | D:10     | Noticed a two-headed ogre
  9458 | D:10     | Killed a two-headed ogre
  9653 | D:10     | Reached ***** piety under Sif Muna
  9686 | D:10     | Identified Quvar's Papyrus of Confrontation (Sif Muna gifted it to you on level 10 of the Dungeon)
  9686 | D:10     | Received a gift from Sif Muna
 10297 | D:11     | Found a flagged portal.
 10410 | Bailey   | Entered a bailey
 10958 | Bailey   | Noticed an orc knight
 11100 | Bailey   | Killed an orc knight
 11100 | Bailey   | Reached skill level 10 in Conjurations
 11100 | Bailey   | Reached skill level 10 in Air Magic
 11705 | D:11     | Reached skill level 10 in Spellcasting
 11757 | D:11     | Identified a scroll of acquirement {!r}
 11760 | D:11     | Reached skill level 1 in Invocations
 11891 | D:11     | Found Ducvymink's Assorted Antiques.
 11895 | D:11     | Noticed a purple ugly thing
 11902 | D:11     | Killed a purple ugly thing
 11919 | D:11     | Bought a runed buckler for 180 gold pieces
 11919 | D:11     | Bought a scroll labeled ANLIAZ AHUM for 24 gold pieces
 12067 | D:11     | Found a sparkling altar of Nemelex Xobeh.
 12331 | D:11     | Reached skill level 1 in Shields
 12513 | D:12     | Found a staircase to the Orcish Mines.
 12589 | D:12     | Found Kaetoepn's Antique Weapon Boutique.
 13507 | D:12     | Noticed a purple ugly thing
 13507 | D:12     | Noticed an orc knight
 13521 | D:12     | Killed a purple ugly thing
 13521 | D:12     | Reached XP level 12. HP: 74/74 MP: 0/26
 13754 | D:12     | Identified the Volume of Combat Magic and Contamination
 13852 | D:12     | Found a radiant altar of Vehumet.
 13861 | D:12     | Reached skill level 5 in Invocations
 13979 | D:12     | Noticed a two-headed ogre
 13981 | D:12     | Killed a two-headed ogre
 14524 | D:12     | Found a portal to a secret trove of treasure.
 14524 | D:12     | Noticed a vault guard
 14529 | D:12     | Killed a vault guard
 15146 | D:12     | Reached skill level 1 in Fighting
 15323 | D:12     | Noticed a two-headed ogre
 15328 | D:12     | Killed a two-headed ogre
 15416 | D:12     | Noticed a centaur warrior
 15425 | D:12     | Killed a centaur warrior
 15426 | D:12     | Noticed a centaur warrior
 15428 | D:12     | Killed a centaur warrior
 15428 | D:12     | Noticed a deep elf high priest
 15440 | D:12     | Killed a deep elf high priest
 15443 | D:12     | Noticed an ettin
 15460 | D:12     | Killed an ettin
 15513 | D:12     | Reached skill level 5 in Dodging
 15513 | D:12     | Noticed a yaktaur captain
 15535 | D:12     | Killed a yaktaur captain
 15726 | D:12     | Got a flickering brass amulet
 15742 | D:12     | Identified the amulet "Hop Waal" {RegenMP Stlth+} (You found it on level 12 of the Dungeon)
 15920 | D:13     | Gained mutation: You are in touch with the powers of death. [Mummy growth]
 15920 | D:13     | Reached XP level 13. HP: 59/88 MP: 4/27
 16615 | D:12     | Learned a level 3 spell: Mephitic Cloud
 16622 | D:12     | Learned a level 6 spell: Freezing Cloud
 16697 | D:13     | Reached skill level 5 in Fighting
 16874 | D:13     | Identified Sif Muna's Tome of Helpful Confrontation (Sif Muna gifted it to you on level 13 of the Dungeon)
 16874 | D:13     | Received a gift from Sif Muna
 17229 | Orc:1    | Entered Level 1 of the Orcish Mines
 17687 | Orc:1    | Found a large runed door.
 17692 | Orc:1    | Found a large runed door.
 17702 | Orc:1    | Noticed Ykaim's ghost (journeyman MiFi)
 17797 | Orc:1    | Slain by Ykaim's ghost

Vault maps used:
D:1:      saegor_arrival_simple_e
D:2:      uniq_jessica
D:3:      first_ration, chequers_ecumenical_altar_island, ashenzari_altar_1
D:4:      yredelemnul_forgotten_temple_becter,
          nicolae_dithmenos_through_a_glass_darkly, lemuel_flame_loot_1
D:5:      old_standard_altar, kennysheep_crisscross
D:7:      temple_doors_e, uniq_pikel
D:8:      chequers_temple_overflow_statue_of_worship, overflow_temple_1_default,
          serial_shops, nicolae_shop_trees
D:9:      grunt_lair_entry_orc_guard_hut, david_nohive_1, fedhas_altar_1,
          uniq_erica, uniq_joseph
D:11:     basic_altar, serial_shops, nicolae_shop_overgrown_old_shop,
          enter_bailey_3
D:12:     minmay_nested_s, orc_0_dummy, basic_altar, serial_shops,
          nicolae_shop_stone, enter_trove_5
Temple:   minmay_temple_curvy_branch
Orc:1:    ebering_ghost_disaster_area
Bailey:   bailey_axe_2, bailey

Skill      XL: |  1  2  3  4  5  6  7  8  9 10 11 12 13 |
---------------+----------------------------------------+-----
Conjurations   | 1 2 3 4 5 6 8 9 10 | 10.0
Spellcasting   | 3 4 5 6 7 9 10 | 10.0
Air Magic      | 3 4 5 6 7 9 10 | 10.1
Invocations    | 4 8 |  8.0
Shields        | 4 |  4.0
Fighting       | 4 5 |  5.5
Dodging        | 5 7 |  7.0
Stealth        | |  1.5

Action                   |  1- 3 |  4- 6 |  7- 9 | 10-12 | 13-15 || total
-------------------------+-------+-------+-------+-------+-------++-------
Melee: Unarmed           |     5 |     2 |       |       |       ||     7
       Long sword        |       |       |    29 |       |       ||    29
       Scimitar          |       |       |       |    65 |       ||    65
       Staff             |       |       |       |    37 |     8 ||    45
 Cast: Shock             |    38 |    88 |   174 |       |       ||   300
       Airstrike         |       |       |    60 |   368 |   123 ||   551
       Lightning Bolt    |       |       |     7 |    49 |     6 ||    62
       Mephitic Cloud    |       |       |       |       |     2 ||     2
       Swiftness         |       |       |       |       |     1 ||     1
Invok: Divine Energy     |       |       |     1 |       |       ||     1
Evoke: Wand              |       |       |     1 |     7 |       ||     8
  Use: Scroll            |       |     2 |     6 |    11 |       ||    19
Armor: Robe              |     1 |     7 |    18 |       |       ||    26
       Ring mail         |       |       |     1 |   167 |    27 ||   195
Dodge: Dodged            |     9 |    32 |    74 |   170 |    49 ||   334
Block: Buckler           |       |       |       |    23 |    19 ||    42
       Rpst.: Long sword |       |       |    10 |       |       ||    10
       Scimitar          |       |       |       |    33 |       ||    33

Table legend:
 A = Non-vault XP
 B = Vault XP
 C = Vault XP percentage of total XP
 D = Non-vault monster count
 E = Vault monster count
 F = Vault count percentage of total count
 G = Total turns spent on level
                 A         B        C        D         E       F
            +---------+---------+-------+---------+---------+-------
      Total |   25072 |   21320 |  46.0 |     276 |     123 |  30.8
            +---------+---------+-------+---------+---------+-------
        D:1 |      21 |       0 |   0.0 |      11 |       0 |   0.0
        D:2 |      37 |      37 |  50.0 |      14 |       1 |   6.7
        D:3 |     108 |       0 |   0.0 |      21 |       0 |   0.0
        D:4 |     158 |       1 |   0.6 |      10 |       1 |   9.1
        D:5 |     404 |       0 |   0.0 |      15 |       0 |   0.0
        D:6 |     781 |       0 |   0.0 |      23 |       0 |   0.0
        D:7 |    1182 |     673 |  36.3 |      21 |       1 |   4.5
        D:8 |    1294 |     897 |  40.9 |      23 |       1 |   4.2
        D:9 |    1794 |    2419 |  57.4 |      14 |      24 |  63.2
       D:10 |    4838 |       0 |   0.0 |      33 |       0 |   0.0
       D:11 |    3245 |     941 |  22.5 |      28 |       6 |  17.6
       D:12 |    6375 |   15431 |  70.8 |      30 |      55 |  64.7
       D:13 |    3383 |       0 |   0.0 |      18 |       0 |   0.0
     Temple |     130 |       0 |   0.0 |       1 |       0 |   0.0
      Orc:1 |    1322 |       0 |   0.0 |      14 |       0 |   0.0
     Bailey |       0 |     921 | 100.0 |       0 |      34 | 100.0
            +---------+---------+-------+---------+---------+-------
